 Dungeon Crawl Stone Soup version 0.30.1-3-gfc49f6343a (webtiles) character file.

Game seed: 5396586447359674877

653 croobank the Covert (level 7, -1/54 HPs)
             Began as an Octopode Delver on July 18, 2023.
             Slain by a kobold
             ... wielding a +0 dagger
              (2 damage)
             ... in a sewer.
             The game lasted 00:06:41 (1153 turns).

croobank the Covert (Octopode Delver)               Turns: 1153, Time: 00:06:42

Health: -1/54      AC:  1    Str: 12    XL:     7   Next: 54%
Magic:  7/7        EV: 16    Int: 14    God:
Gold:   32         SH:  0    Dex: 13    Spells: 6/6 levels left

rFire   + . .        a - +0 short sword
rCold   + . .        (no shield)
rNeg    . . .        (helmet restricted)
rPois   +            (no amulet)
rElec   +            (no ring)
rCorr   +            (no ring)
SInv    .            (no ring)
Will    .....        (no ring)
Stlth   ++++++       (no ring)
HPRegen 0.29/turn    (no ring)
MPRegen 0.10/turn    (no ring)
                     (no ring)

%: no passive effects
@: resistant
A: almost no armour, amphibious, 8 rings, camouflage 1, gelatinous body 1,
(nimble swimmer 1), tentacles
a: no special abilities


You were in a sewer.
You visited 1 branch of the dungeon, and saw 3 of its levels.
You also visited: Sewer.

You collected 68 gold pieces.
You spent 36 gold pieces at shops.

Inventory:

Hand Weapons
 a - a +0 short sword (weapon)
 b - a +1 shortbow of freezing
 i - a +1 whip of electrocution
Missiles
 h - 19 poisoned darts (quivered)
Wands
 f - a wand of digging (3)
Scrolls
 c - a scroll of identify
 g - 2 scrolls of fog


   Skills:
 + Level 7.6 Fighting
 + Level 7.3 Short Blades
 + Level 7.3 Dodging
 + Level 11.9 Stealth


You had 6 spell levels left.
You didn't know any spells.
Your spell library contained the following spells:

 Spells                   Type           Power      Damage    Failure   Level
 Ozocubu's Armour         Ice            0%         N/A       65%         3
 Metabolic Englaciation   Hex/Ice        0%         N/A       100%        5
 Simulacrum               Ice/Necr       0%         N/A       100%        6


Dungeon Overview and Level Annotations

Branches:
Dungeon (6/15)              Sewer (1/1)
 Temple: D:4-7

Altars:

Shops:
D:4 *


Innate Abilities, Weirdness & Mutations

You cannot wear most types of armour.
You are amphibious.
You can wear up to eight rings at the same time.
Your skin changes colour to match your surroundings (Stealth+).
Your rubbery body absorbs attacks. (AC +1, EV +1)
((You are camouflaged when in or above water. (Stealth+)))
You have tentacles for arms and can constrict up to eight enemies at once.


Message History

You have reached level 7!
You feel sick.
Okay, then.
You aren't carrying any potions.
What are your orders? t - Shout!
Orders for allies: a - Attack new target. p - Attack previous target. r - Retreat! s - Stop attacking. g - Guard the area. f - Follow me.
Anything else - Cancel.
Gang up on whom?
Press: ? - help, Dir - move target, f/p - kobold brigand
Aim: a kobold brigand, wielding a +0 dagger and quivering poisoned darts (moderately wounded)
Okay, then.
You feel sick. The kobold brigand closely misses you.
You hit the kobold brigand but do no damage.
Your grab misses the kobold brigand.
The kobold brigand is heavily wounded.
You feel sick.
You barely miss the kobold brigand. Your grab misses the kobold brigand.
The kobold brigand is heavily wounded.
You feel sick.
The kobold brigand hits you with a +0 whip.
* * * LOW HITPOINT WARNING * * *
You hit the kobold brigand. Your grab misses the kobold brigand.
You squeeze the kobold brigand.
The kobold brigand is severely wounded.
The kobold brigand completely misses you.
Okay, then.
You hit the kobold brigand. You grab the kobold brigand.
The kobold brigand is severely wounded.
You constrict the kobold brigand.
* * * LOW HITPOINT WARNING * * *
You feel sick.
You are no longer poisoned.
You hit the kobold brigand. You grab the kobold brigand.
The kobold brigand is moderately wounded.
You constrict the kobold brigand, but do no damage. x2
The kobold hits you with a +0 dagger.
You die...

≈≈≈#....##
≈≈≈~##...#
~~≈≈≈~≈##..#
.≈≈≈≈≈~##..##
~≈≈≈≈≈~#....#
≈≈≈≈≈≈~~....##
~≈≈≈≈≈≈.~....#
≈≈≈≈≈≈~~~....#
≈≈≈≈≈≈≈≈≈.K@.#
≈≈≈≈≈≈≈≈≈..KK#
##≈≈≈≈≈≈###K##
#≈≈≈≈≈≈#.K(..#
#≈≈≈≈≈≈#.....#
#≈≈≈≈≈≈##...##
#≈≈≈≈≈≈#....!
#≈≈≈≈≈≈#..#?[#
#≈≈≈≈≈≈### ###


You could see 2 kobold brigands and 3 kobolds.

Vanquished Creatures
  A centaur (D:6)
  A kobold brigand (Sewer)
  A scorpion (D:4)
  A hound (D:6)
  An adder (D:5)
  3 river rats (Sewer)
  A worm (D:4)
  5 orcs
  A hobgoblin (D:4)
  A quokka (D:4)
  10 ball pythons (Sewer)
  3 frilled lizards (Sewer)
  7 kobolds (Sewer)
  27 rats
63 creatures vanquished.

Notes
Turn   | Place    | Note
-------+----------+-------------------------------------------
     0 | D:5      | croobank the Octopode Delver began the quest for the Orb.
     0 | D:5      | Reached XP level 1. HP: 16/16 MP: 1/1
     1 | D:6      | Noticed a centaur
     5 | D:6      | Killed a centaur
     6 | D:6      | Reached skill level 7 in Stealth
     6 | D:6      | Reached XP level 2. HP: 5/21 MP: 2/2
     6 | D:6      | Reached XP level 3. HP: 6/26 MP: 3/3
     6 | D:6      | Reached XP level 4. HP: 8/32 MP: 4/4
   160 | D:6      | Noticed a water moccasin
   200 | D:5      | Reached XP level 5. HP: 37/37 MP: 5/5
   326 | D:4      | Noticed a phantom
   355 | D:4      | Found Orifem's General Store.
   358 | D:4      | Bought a scroll of identify for 24 gold pieces
   358 | D:4      | Bought a potion of degeneration for 12 gold pieces
   491 | D:4      | Found a glowing drain.
   498 | Sewer    | Entered a sewer
   685 | Sewer    | Reached XP level 6. HP: 23/43 MP: 6/6
   801 | Sewer    | Reached skill level 8 in Stealth
  1147 | Sewer    | Reached skill level 11 in Stealth
  1147 | Sewer    | Reached XP level 7. HP: 9/54 MP: 7/7
  1150 | Sewer    | HP: 2/54 [kobold brigand/+0 whip (4)]
  1153 | Sewer    | Slain by a kobold

Illustrated notes

Levels and vault maps discovered:
D:4:      layout_loops_corners, ashenzari_conservatory_becter,
          hangedman_ru_absence, serial_shops, kennysheep_mini_moat,
          gup_sewer_entry_bubbles, hellmonk_ghost_happy_afterlife,
          minmay_cut_off
D:5:      layout_basic, mainiacjoe_overflow_24_doors,
          mainiacjoe_overflow_surrounded_room, minmay_temple_entry_arrows,
          uniq_ijyb
D:6:      layout_rooms, minmay_shop_damaged, minmay_stone_trees_small
Sewer:    sewer_minmay_treatment

Skill      XL: |  1  2  3  4  5  6 |
---------------+-------------------+-----
Stealth        | 7 11 | 11.9
Short Blades   | 3 7 |  7.3
Dodging        | 3 7 |  7.3
Fighting       | 4 7 |  7.6

Action                     |  1- 3 |  4- 6 |  7- 9 || total
---------------------------+-------+-------+-------++-------
  Melee: Short sword       |     4 |   116 |     5 ||   125
         Tentacles         |     2 |    27 |     1 ||    30
         Punch             |     1 |       |       ||     1
         Constrict         |       |    32 |     2 ||    34
   Fire: Shortbow          |       |     9 |       ||     9
  Throw: Dart              |       |     1 |       ||     1
    Use: Scroll            |       |     2 |       ||     2
         Potion            |       |     4 |       ||     4
   Stab: Sleeping          |     1 |    13 |       ||    14
         Distracted        |       |     1 |       ||     1
 Armour: Skin              |       |     7 |       ||     7
  Dodge: Dodged            |     3 |    86 |     2 ||    91
